 Dungeon Crawl Stone Soup version 0.27-a0-423-gf312af23e9 (webtiles) character file.

Game seed: 17033983091384521404

1017 rageheart7 the Grappler (level 8, -8/69 HPs)
             Began as a Naga Transmuter on Feb 26, 2021.
             Was a Follower of Cheibriados.
             Mangled by a gnoll sergeant
             ... wielding a +1 spear of flaming
              (10 damage)
             ... on level 6 of the Dungeon.
             The game lasted 00:09:12 (6788 turns).

rageheart7 the Grappler (Naga Transmuter)           Turns: 6788, Time: 00:09:13

Health: -8/69      AC:  6    Str: 16    XL:     8   Next: 22%
Magic:  9/12       EV: 10    Int: 15    God:    Cheibriados [*.....]
Gold:   225        SH:  0    Dex: 15    Spells: 6/12 levels left

rFire    + . .     SeeInvis +     - Unarmed
rCold    . . .     Faith    .   (no shield)
rNeg     . . .     Spirit   .   a - +0 robe
rPois    +         Reflect  .   (no helmet)
rElec    .         Harm     .   b - +1 cloak
rCorr    .         Rampage  .   g - +0 pair of gloves
Will     +....                  (no barding)
Stlth    ++........             (no amulet)
HPRegen  0.21/turn              i - ring of protection from fire
MPRegen  0.13/turn              (no ring)

@: very slow
A: large, see invisible, deformed body, poison resistance, slowness 2, spit
poison 1, AC +2
a: Spit Poison, Renounce Religion, Bend Time


You were on level 6 of the Dungeon.
You worshipped Cheibriados.
Cheibriados was aware of your devotion.
You visited 2 branches of the dungeon, and saw 7 of its levels.

You collected 225 gold pieces.

Inventory:

Armour
 a - a +0 robe (worn)
 b - a +1 cloak (worn)
 g - a +0 pair of gloves (worn)
Jewellery
 i - a ring of protection from fire (left hand)
 p - a +4 ring of slaying
Wands
 d - a wand of charming (6)
Scrolls
 h - 2 scrolls of identify {unknown}
 j - 4 scrolls of magic mapping {unknown}
 k - a scroll of fear {unknown}
 m - 2 scrolls of enchant armour {unknown}
 o - 3 scrolls of teleportation {unknown}
 q - a scroll of noise {unknown}
Potions
 c - a potion of brilliance
 f - a potion of lignification
 n - a potion of resistance


   Skills:
 * Level 3.4 Fighting
 - Level 1.5 Dodging
 - Level 0.7 Stealth
 * Level 8.2 Unarmed Combat
 - Level 2.6 Spellcasting
 + Level 3.9 Transmutations


You had 6 spell levels left.
You knew the following spells:

 Your Spells              Type           Power        Failure   Level
a - Beastly Appendage     Tmut           26%          4%          1
b - Wereblood             Tmut           13%          6%          2
c - Spider Form           Tmut/Pois      3%           28%         3

Your spell library contained the following spells:

 Spells                   Type           Power        Failure   Level
 Ice Form                 Ice/Tmut       7%           67%         4
 Blade Hands              Tmut           6%           75%         5


Dungeon Overview and Level Annotations

Branches:
Dungeon (6/15)             Temple (1/1) D:4

Altars:
Ashenzari
Cheibriados
Dithmenos
Elyvilon
Fedhas
Gozag
Hepliaklqana
Makhleb
Nemelex Xobeh
Okawaru
Qazlal
Ru
Sif Muna
Trog
Vehumet
Wu Jian
Xom
Yredelemnul
Zin
The Shining One


Innate Abilities, Weirdness & Mutations

You cannot wear boots.
Your serpentine skin is tough. (AC +2)
You have supernaturally acute eyesight. (SInv)
Armour fits poorly on your strangely shaped body.
Your system is resistant to poisons. (rPois)
You cover ground very slowly.
You can spit poison.


Message History

The gnoll sergeant hits you from afar with a +1 spear of flaming.
* * * LOW HITPOINT WARNING * * *
The jackal bites you.
* * * LOW HITPOINT WARNING * * *
It was a potion of lignification.
You turn into a tree.
Your +1 cloak melds into your body.
Your +0 pair of gloves melds into your body.
Your +0 robe melds into your body.
Your roots penetrate the ground.
The gnoll hits you with a +0 whip.
* * * LOW HITPOINT WARNING * * *
The jackal bites you but does no damage.
The gnoll hits you from afar with a +0 halberd.
* * * LOW HITPOINT WARNING * * *
The gnoll sergeant hits you but does no damage.
It was a potion of brilliance.
You feel clever all of a sudden.
The jackal bites you but does no damage.
The gnoll hits you but does no damage.
A gnoll comes into view.
The gnoll sergeant completely misses you.
The gnoll hits you but does no damage.
It was a potion of cancellation.
Your magical effects are unravelling.
You feel magically purged.
You feel less wooden.
Your +1 cloak unmelds from your body.
Your +0 pair of gloves unmelds from your body.
Your +0 robe unmelds from your body.
You feel a little less clever now. The jackal barely misses you.
The gnoll barely misses you.
The gnoll sergeant hits you from afar with a +1 spear of flaming.
* * * LOW HITPOINT WARNING * * *
The jackal barely misses you. The gnoll closely misses you.
The flow of time bends around you.
Cheibriados rebukes the jackal.
The jackal seems to slow down.
Cheibriados rebukes the gnoll.
The gnoll seems to slow down.
The gnoll sergeant hits you from afar with a +1 spear of flaming!
You die...

##.....
.......
.......
......
#.... #.gg
#≈h## .
#g@## ..
##..# ##...
#
#.≈###.....
##.........
#...####.
.. #..##
... ##..#
#..# #..##
#..###..#


You could see a gnoll sergeant, 2 gnolls and a jackal (slow).

Vanquished Creatures
  Sigmund (D:2)
  A black bear (D:6)
  A sky beast (D:6)
  An ogre (D:6)
  A water moccasin zombie (D:6)
  A scorpion (D:4)
  A howler monkey (D:5)
  A hound (D:3)
  2 orc priests
  Crazy Yiuf (D:2)
  An orc wizard (D:4)
  3 worker ants
  A worker ant zombie (D:6)
  A gnoll (D:1)
  A howler monkey skeleton (D:4)
  5 adders
  An ufetubus (D:5)
  2 oozes (D:3)
  2 adder skeletons (D:4)
  An adder zombie (D:5)
  3 worms
  3 dart slugs
  4 leopard geckos
  12 orcs
  2 ball pythons
  9 bats
  5 giant cockroaches
  6 goblins
  7 hobgoblins
  21 jackals
  4 quokkas
  A ball python skeleton (D:5)
  9 frilled lizards
  5 kobolds
  A leopard gecko skeleton (D:5)
  17 rats
138 creatures vanquished.

Notes
Turn   | Place    | Note
-------+----------+-------------------------------------------
     0 | D:1      | rageheart7 the Naga Transmuter began the quest for the Orb.
     0 | D:1      | Reached XP level 1. HP: 18/18 MP: 3/3
   266 | D:1      | Reached XP level 2. HP: 25/25 MP: 3/5
  1275 | D:1      | Reached XP level 3. HP: 31/31 MP: 4/6
  1576 | D:1      | Reached skill level 4 in Unarmed Combat
  1692 | D:2      | Noticed Sigmund
  1709 | D:2      | Killed Sigmund
  1710 | D:2      | Reached skill level 5 in Unarmed Combat
  1710 | D:2      | Reached XP level 4. HP: 15/39 MP: 6/8
  1710 | D:2      | Reached XP level 5. HP: 18/45 MP: 6/9
  1892 | D:2      | Learned a level 2 spell: Wereblood
  1896 | D:2      | Learned a level 3 spell: Spider Form
  2124 | D:2      | Found a faded altar of an unknown god.
  2360 | D:2      | Reached XP level 6. HP: 52/52 MP: 10/10
  2387 | D:2      | Found a glowing golden altar of the Shining One.
  2649 | D:2      | Found a runed translucent door.
  2650 | D:2      | Noticed Crazy Yiuf
  2695 | D:2      | Found a basalt altar of Yredelemnul.
  2896 | D:2      | Killed Crazy Yiuf
  2950 | D:3      | Noticed an angel
  2951 | D:3      | Found a glowing silver altar of Zin.
  2951 | D:3      | Found a shimmering altar of Xom.
  3291 | D:3      | Found a hazy altar of Hepliaklqana.
  3403 | D:3      | Noticed a moth of wrath
  3407 | D:3      | Found a bloodstained altar of Trog.
  3875 | D:3      | Reached skill level 6 in Unarmed Combat
  4493 | D:4      | Found a sacrificial altar of Ru.
  4543 | D:4      | Reached XP level 7. HP: 55/61 MP: 11/11
  4677 | D:4      | Found a staircase to the Ecumenical Temple.
  4880 | Temple   | Entered the Ecumenical Temple
  4939 | Temple   | Became a worshipper of Cheibriados the Contemplative
  5295 | D:4      | Found a bloodstained altar of Trog.
  5295 | D:4      | Found an iron altar of Okawaru.
  5449 | D:5      | Entered Level 5 of the Dungeon
  5483 | D:5      | Found a burning altar of Makhleb.
  5483 | D:5      | Found an opulent altar of Gozag.
  5643 | D:5      | Reached skill level 7 in Unarmed Combat
  6267 | D:6      | Reached * piety under Cheibriados
  6268 | D:6      | Reached XP level 8. HP: 37/69 MP: 9/12
  6766 | D:6      | Reached skill level 8 in Unarmed Combat
  6785 | D:6      | HP: 4/103 [gnoll/+0 halberd (3)]
  6788 | D:6      | Mangled by a gnoll sergeant

Illustrated notes

Levels and vault maps discovered:
D:1:      sevenhm_arrival_forest_fort_small_3, layout_loops_corners
D:2:      layout_loops_ring, general_overflow_altar,
          lemuel_coloured_pillars_altar, chequers_ecumenical_altar_grove,
          uniq_sigmund, uniq_crazy_yiuf_cottage
D:3:      layout_loops_corners, grunt_temple_overflow_order_and_chaos_1,
          overflow_temple_1_default, corexii_leaking_fountain,
          roderic_lattice_a, chequers_serial_rivers_room_b, tgw_trog
D:4:      layout_rooms, grunt_temple_overflow_bloody_war,
          nicolae_ru_awakened_eye, minmay_temple_entry_hall,
          minmay_misc_feat_nine_boxes
D:5:      layout_gridville, gammafunk_temple_overflow_elements,
          minmay_misc_feat_rows
D:6:      layout_layer_cave
Temple:   zaba_magenta_temple

Skill      XL: |  1  2  3  4  5  6  7  8 |
---------------+-------------------------+-----
Unarmed Combat | 5 6 7 8 |  8.2
Fighting       | 2 3 |  3.4
Transmutations | 3 |  3.9
Dodging        | |  1.5
Stealth        | |  0.7
Spellcasting   | |  2.6

Action                   |  1- 3 |  4- 6 |  7- 9 || total
-------------------------+-------+-------+-------++-------
Melee: Unarmed           |   128 |   210 |   149 ||   487
       Punch             |     2 |     6 |     5 ||    13
       Headbutt          |    10 |    18 |    18 ||    46
 Cast: Beastly Appendage |    16 |    23 |    17 ||    56
       Wereblood         |       |     6 |     5 ||    11
Invok: Bend Time         |       |       |     1 ||     1
  Use: Potion            |     3 |       |     4 ||     7
       Scroll            |       |     1 |       ||     1
 Stab: Distracted        |       |     1 |       ||     1
       Sleeping          |       |     2 |     2 ||     4
Armor: Robe              |    45 |    82 |    54 ||   181
       Skin              |       |       |     5 ||     5
Dodge: Dodged            |    78 |   102 |    74 ||   254

Table legend: (Time is in decaauts)
 A = Elapsed time spent in this place.
 B = Non-inter-level travel time spent in this place.
 C = Inter-level travel time spent in this place.
 D = Time resting spent in this place.
 E = Time spent auto-exploring this place.
 F = Levels seen in this place.
 G = Mean time per level.
                   A        B        C        D        E       F      G
               +--------+--------+--------+--------+--------+-----+--------+
         Total |   8614 |   8389 |    225 |   1361 |   5865 |   7 | 1230.6 |
       Dungeon |   8505 |   8304 |    201 |   1361 |   5789 |   6 | 1417.5 |
        Temple |    108 |     84 |     24 |      0 |     75 |   1 |  108.0 |
               +--------+--------+--------+--------+--------+-----+--------+

Top non-repeatable levels by time:
     D:3: 1902 daAuts
     D:1: 1892 daAuts
     D:2: 1583 daAuts
     D:4: 1251 daAuts
     D:5: 1229 daAuts
     D:6: 645 daAuts
  Temple: 108 daAuts
